 Dungeon Crawl Stone Soup version 0.27-a0-1532-gca18f49f40 (webtiles) character file.

Game seed: 10521702635798174763

1912 garrulousMonolith the Insei (level 9, -4/67 HPs)
             Began as a Gnoll Transmuter on July 12, 2021.
             Was an Initiate of Cheibriados.
             Killed by divine providence
             ... invoked by an orc priest
              (15 damage)
             ... on level 8 of the Dungeon.
             The game lasted 00:10:29 (8359 turns).

garrulousMonolith the Insei (Gnoll Transmuter)      Turns: 8359, Time: 00:10:30

Health: -4/67      AC: 10    Str: 18    XL:     9   Next: 16%
Magic:  18/18      EV: 13    Int: 22    God:    Cheibriados [......]
Gold:   575        SH:  5    Dex: 13    Spells: 4/20 levels left

rFire    . . .     SeeInvis .     - Unarmed
rCold    . . .     Faith    .   j - +0 buckler
rNeg     . . .     Spirit   .   m - +3 ring mail
rPois    .         Reflect  .   (helmet currently unavailable)
rElec    .         Harm     .   r - +0 cloak
rCorr    .         Rampage  .   (no gloves)
Will     .....                  (boots currently unavailable)
Stlth    ++........             (no amulet)
HPRegen  0.21/turn              a - +6 ring of strength
MPRegen  0.16/turn              v - +6 ring of intelligence

@: mighty, appendages (expiring), wereblooded, hasted, quick
A: horns 2, talons 2, fangs 1, strong nose, distributed training
a: End Transformation, Renounce Religion, Bend Time


You were on level 8 of the Dungeon.
You worshipped Cheibriados.
Cheibriados was noncommittal.
You had temporarily grown beastly horns and talons.
You visited 2 branches of the dungeon, and saw 9 of its levels.
You also visited: Ossuary.

You collected 611 gold pieces.
You spent 36 gold pieces at shops.

Inventory:

Hand Weapons
 e - a +2 dagger of venom
Missiles
 t - 18 poisoned darts (quivered)
Armour
 g - a +0 leather armour
 i - a +0 helmet (melded)
 j - a +0 buckler (worn)
 l - a +0 tower shield
 m - a +3 ring mail (worn)
 r - a +0 cloak (worn)
 A - a +0 chain mail of fire resistance
Jewellery
 a - a +6 ring of strength (left hand)
 v - a +6 ring of intelligence (right hand)
 G - a ring of wizardry
Wands
 H - a wand of charming (8)
Scrolls
 b - 2 scrolls of teleportation
 c - a scroll of fog
 d - a scroll of enchant weapon {unknown}
 f - 2 scrolls of amnesia
 n - 7 scrolls of identify
 o - 3 scrolls of enchant armour {unknown}
 q - 4 scrolls of blinking
 u - 3 scrolls of noise {unknown}
 w - a scroll of acquirement {unknown}
 x - a scroll of magic mapping {unknown}
 y - a scroll of brand weapon {unknown}
 E - a scroll of silence {unknown}
 J - 3 scrolls of summoning {unknown}
Potions
 h - 2 potions of berserk rage {unknown}
 k - 2 potions of flight {unknown}
 p - 2 potions of heal wounds {unknown}
 s - a potion of attraction {unknown}
 z - a potion of might
 B - a potion of mutation {unknown}
 C - a potion of brilliance {unknown}
 D - a potion of degeneration {unknown}
 F - a potion of haste
 I - a potion of magic {unknown}


   Skills:
 + Level 4.8 Fighting
 + Level 4.0 Short Blades
 + Level 4.0 Long Blades
 + Level 4.0 Axes
 + Level 4.0 Maces & Flails
 + Level 4.0 Polearms
 + Level 4.0 Staves
 + Level 4.0 Slings
 + Level 4.0 Bows
 + Level 4.0 Crossbows
 + Level 4.0 Throwing
 + Level 4.0 Armour
 + Level 6.1 Dodging
 + Level 4.0 Stealth
 + Level 4.0 Shields
 + Level 7.7 Unarmed Combat
 + Level 6.4 Spellcasting
 + Level 3.2 Conjurations
 + Level 3.2 Hexes
 + Level 3.2 Summonings
 + Level 3.2 Necromancy
 + Level 3.2 Translocations
 + Level 5.1 Transmutations
 + Level 3.2 Fire Magic
 + Level 3.2 Ice Magic
 + Level 3.2 Air Magic
 + Level 3.2 Earth Magic
 + Level 3.2 Poison Magic
 + Level 4.3 Invocations
 + Level 4.0 Evocations


You had 4 spell levels left.
You knew the following spells:

 Your Spells              Type           Power      Damage    Failure   Level
a - Beastly Appendage     Tmut           58%        N/A       1%          1
b - Wereblood             Tmut           29%        N/A       2%          2
c - Spider Form           Tmut/Pois      12%        N/A       9%          3
d - Ice Form              Ice/Tmut       25%        N/A       26%         4
e - Statue Form           Tmut/Erth      16%        N/A       99%         6

Your spell library contained the following spells:

 Spells                   Type           Power      Damage    Failure   Level
 Petrify                  Tmut/Erth      25%        N/A       26%         4
 Metabolic Englaciation   Hex/Ice        10%        N/A       73%         5


Dungeon Overview and Level Annotations

Branches:
Dungeon (8/15)             Temple (1/1) D:6         Ossuary (visited)
   Lair: D:8-11

Altars:
Cheibriados
Dithmenos
Elyvilon
Fedhas
Gozag
Hepliaklqana
Kikubaaqudgha
Makhleb
Nemelex Xobeh
Qazlal
Ru
Sif Muna
Trog
Vehumet
Wu Jian
Xom
Zin
The Shining One

Shops:
D:1 *   D:2 [


Innate Abilities, Weirdness & Mutations

You have temporarily grown beastly horns and talons.
You have very sharp teeth.
Your uncanny sense of smell can sniff out nearby items.
Your experience applies equally to all skills.


Message History

You barely miss the wight. You headbutt the wight.
You feel a bit better.
You destroy the wight!
Cheibriados appreciates the change of pace.
You block the wight's attack. You block the gnoll sergeant's attack.
You pummel the wight!!
You feel a bit better.
You destroy the wight!
Cheibriados thoroughly appreciates the change of pace.
You block the orc's attack.
The ice beast hits you but does no damage.
The gnoll sergeant hits you from afar with a +4 vorpal spear.
Your Short Blades skill increases to level 4!
Your Long Blades skill increases to level 4!
Your Axes skill increases to level 4!
Your Maces & Flails skill increases to level 4!
Your Polearms skill increases to level 4!
Your Staves skill increases to level 4!
Your Slings skill increases to level 4!
Your Bows skill increases to level 4!
Your Crossbows skill increases to level 4!
Your Throwing skill increases to level 4!
Your Armour skill increases to level 4!
Your Stealth skill increases to level 4!
Your Shields skill increases to level 4!
Your Evocations skill increases to level 4!
You punch the ice beast! Your kick misses the ice beast.
You bite the ice beast.
The ice beast is severely wounded.
You howl as the wereblood boils in your veins!
Your transformation is almost over.
You block the orc's attack. The gnoll hits you with a +0 club.
* * * LOW HITPOINT WARNING * * *
The ice beast closely misses you. The gnoll sergeant closely misses you.
It was a potion of haste.
You feel yourself speed up.
Cheibriados forgives your accidental hurry, just this once.
The orc hits you but does no damage. You block the gnoll's attack.
The gnoll sergeant hits you from afar with a +4 vorpal spear!
* * * LOW HITPOINT WARNING * * *
x2 The ice beast hits you but does no damage.
The orc priest calls down the wrath of Beogh upon you.
Beogh smites you!
You die...

...... ......
....z.# .......###
### .........###.##
.......Z.##...#
.......o####.##
.....oooog##..#
..##..#goYo@..###
#.##.g.###...# ...
#..## ##..## #.#
#...# ##....## ##
....####......##
.#....##........##
......##..........#
#................#
..#.........#


You could see an orc warrior, an ice beast, a gnoll sergeant, an orc priest, an
orc wizard, 2 gnolls and 4 orcs.

Vanquished Creatures
  Duvessa (D:4)
  A water moccasin (D:7)
  An orc warrior (D:7)
  An ice beast (D:5)
  An ogre (D:7)
  A centaur (D:5)
  A phantom (D:7)
  Blork the orc (D:4)
  A bullfrog (D:7)
  Dowan (D:4)
  2 scorpions (D:4)
  A wyvern skeleton (D:7)
  5 wights (D:8)
  A howler monkey (D:5)
  A bullfrog zombie (D:7)
  A centaur zombie (D:7)
  2 hounds
  3 jellies
  Crazy Yiuf (D:4)
  2 orc priests (D:7)
  A centaur skeleton (D:6)
  2 hound skeletons
  8 mummies (Ossuary)
  5 gnolls
  6 adders
  A shadow imp (D:6)
  A white imp (D:5)
  An adder skeleton (D:4)
  3 dart slugs
  15 orcs
  5 bats
  9 endoplasms
  3 giant cockroaches (D:1)
  9 goblins
  5 hobgoblins
  6 kobolds
  2 quokkas
  7 ball pythons
  2 frilled lizards
  4 hobgoblin zombies (Ossuary)
  2 kobold zombies (Ossuary)
  2 orc zombies (Ossuary)
  6 rats
134 creatures vanquished.

Vanquished Creatures (collateral kills)
  An orc (D:7)
1 creature vanquished.

Grand Total: 135 creatures vanquished

Notes
Turn   | Place    | Note
-------+----------+-------------------------------------------
     0 | D:1      | garrulousMonolith the Gnoll Transmuter began the quest for
                  | the Orb.
     0 | D:1      | Reached XP level 1. HP: 17/17 MP: 6/6
   215 | D:1      | Reached XP level 2. HP: 17/23 MP: 7/7
   555 | D:1      | Found Juapt's General Store.
   558 | D:1      | Bought a potion of curing for 36 gold pieces
   683 | D:1      | Learned a level 2 spell: Wereblood
   898 | D:2      | Reached XP level 3. HP: 27/28 MP: 9/9
  1078 | D:2      | Reached skill level 5 in Spellcasting
  1359 | D:2      | Found a faded altar of an unknown god.
  1366 | D:2      | Found an ancient bone altar of Kikubaaqudgha.
  1583 | D:2      | Found Akkao's Antique Armour Boutique.
  1877 | D:2      | Reached skill level 1 in Invocations
  2031 | D:3      | Learned a level 3 spell: Spider Form
  2134 | D:3      | Reached skill level 1 in Short Blades
  2134 | D:3      | Reached skill level 1 in Long Blades
  2134 | D:3      | Reached skill level 1 in Axes
  2134 | D:3      | Reached skill level 1 in Maces & Flails
  2134 | D:3      | Reached skill level 1 in Polearms
  2134 | D:3      | Reached skill level 1 in Staves
  2134 | D:3      | Reached skill level 1 in Slings
  2134 | D:3      | Reached skill level 1 in Bows
  2134 | D:3      | Reached skill level 1 in Crossbows
  2134 | D:3      | Reached skill level 1 in Throwing
  2134 | D:3      | Reached skill level 1 in Armour
  2134 | D:3      | Reached skill level 1 in Stealth
  2134 | D:3      | Reached skill level 1 in Shields
  2134 | D:3      | Reached skill level 1 in Evocations
  2136 | D:3      | Reached XP level 4. HP: 24/34 MP: 8/11
  2268 | D:3      | Found a burning altar of Makhleb.
  2680 | D:3      | Found a glowing golden altar of the Shining One.
  2989 | D:3      | Learned a level 4 spell: Ice Form
  3077 | D:4      | Reached skill level 1 in Conjurations
  3077 | D:4      | Reached skill level 1 in Hexes
  3077 | D:4      | Reached skill level 1 in Summonings
  3077 | D:4      | Reached skill level 1 in Necromancy
  3077 | D:4      | Reached skill level 1 in Translocations
  3077 | D:4      | Reached skill level 1 in Fire Magic
  3077 | D:4      | Reached skill level 1 in Ice Magic
  3077 | D:4      | Reached skill level 1 in Air Magic
  3077 | D:4      | Reached skill level 1 in Earth Magic
  3077 | D:4      | Reached skill level 1 in Poison Magic
  3155 | D:4      | Noticed Dowan
  3156 | D:4      | Noticed Duvessa
  3172 | D:4      | Killed Duvessa
  3173 | D:4      | Reached XP level 5. HP: 23/41 MP: 12/12
  3190 | D:4      | Killed Dowan
  3191 | D:4      | Reached XP level 6. HP: 21/47 MP: 11/14
  3542 | D:4      | Reached skill level 5 in Dodging
  3988 | D:4      | Noticed Blork the orc
  3999 | D:4      | Killed Blork the orc
  4063 | D:4      | Reached XP level 7. HP: 40/52 MP: 15/15
  4179 | D:4      | Reached skill level 7 in Unarmed Combat
  4287 | D:4      | Found a runed translucent door.
  4288 | D:4      | Noticed Crazy Yiuf
  4502 | D:4      | Killed Crazy Yiuf
  4799 | D:5      | Entered Level 5 of the Dungeon
  5100 | D:5      | Reached XP level 8. HP: 60/60 MP: 12/16
  5215 | D:5      | Found a radiant altar of Vehumet.
  5568 | D:6      | Found a sand-covered staircase.
  5575 | Ossuary  | Entered an ossuary
  5966 | D:6      | Found a snail-covered altar of Cheibriados.
  6091 | D:6      | Found a staircase to the Ecumenical Temple.
  6298 | Temple   | Entered the Ecumenical Temple
  6496 | D:6      | Became a worshipper of Cheibriados the Contemplative
  7240 | D:7      | Found a blossoming altar of Fedhas.
  7267 | D:7      | Found a glowing silver altar of Zin.
  7267 | D:7      | Found a bloodstained altar of Trog.
  7845 | D:7      | Reached skill level 5 in Transmutations
  7845 | D:7      | Reached XP level 9. HP: 51/66 MP: 16/18
  7999 | D:7      | Found an ornate altar of the Wu Jian Council.
  8306 | D:8      | Learned a level 6 spell: Statue Form
  8359 | D:8      | Killed from afar by an orc priest

Illustrated notes

Levels and vault maps discovered:
D:1:      lightli_molten_gateway, layout_basic, serial_shops,
          nicolae_shop_behind_doors
D:2:      layout_basic, ebering_ecumenical_altar_petrified, serial_shops, shop,
          basic_altar, grunt_decor_junction
D:3:      layout_loops_ring, lightli_temple_of_fire, tso_metal_star
D:4:      layout_basic, uniq_duvessa, uniq_crazy_yiuf_cottage,
          uniq_blork_the_orc
D:5:      layout_cave_pools, mainiacjoe_overflow_six_doors_small
D:6:      layout_layer_cave, lemuel_tele_altar, minmay_temple_entry_grid,
          chequers_ossuary_entry_cave
D:7:      layout_basic, fedhas_altar_2, gammafunk_temple_overflow_statue,
          nicolae_wu_jian_immortal_techniques, chequers_serial_rivers_micro_b
D:8:      layout_cave_pools, nicolae_uskayaw_dance_studio, marbit_many_paths,
          nicolae_wwwww, grunt_decor_mini_mirrors, minmay_misc_feat_five,
          uniq_maurice, uniq_psyche
Temple:   nicolae_temple_figure_zero

Skill      XL: |  1  2  3  4  5  6  7  8  9 |
---------------+----------------------------+-----
Spellcasting   | 5 6 |  6.4
Invocations    | 1 2 3 4 |  4.3
Short Blades   | 1 2 3 4 |  4.0
Long Blades    | 1 2 3 4 |  4.0
Axes           | 1 2 3 4 |  4.0
Maces & Flails | 1 2 3 4 |  4.0
Polearms       | 1 2 3 4 |  4.0
Staves         | 1 2 3 4 |  4.0
Slings         | 1 2 3 4 |  4.0
Bows           | 1 2 3 4 |  4.0
Crossbows      | 1 2 3 4 |  4.0
Throwing       | 1 2 3 4 |  4.0
Armour         | 1 2 3 4 |  4.0
Stealth        | 1 2 3 4 |  4.0
Shields        | 1 2 3 4 |  4.0
Evocations     | 1 2 3 4 |  4.0
Conjurations   | 1 2 3 |  3.2
Hexes          | 1 2 3 |  3.2
Summonings     | 1 2 3 |  3.2
Necromancy     | 1 2 3 |  3.2
Translocations | 1 2 3 |  3.2
Fire Magic     | 1 2 3 |  3.2
Ice Magic      | 1 2 3 |  3.2
Air Magic      | 1 2 3 |  3.2
Earth Magic    | 1 2 3 |  3.2
Poison Magic   | 1 2 3 |  3.2
Fighting       | 3 4 |  4.8
Transmutations | 4 5 |  5.1
Dodging        | 5 6 |  6.1
Unarmed Combat | 7 |  7.7

Action                   |  1- 3 |  4- 6 |  7- 9 || total
-------------------------+-------+-------+-------++-------
Melee: Unarmed           |    57 |       |   187 ||   244
       Bite              |     9 |    13 |    19 ||    41
       Dagger            |    41 |   140 |    38 ||   219
       Kick              |     4 |     8 |    17 ||    29
       Headbutt          |     1 |     5 |    12 ||    18
Throw: Dart              |       |       |     5 ||     5
 Cast: Beastly Appendage |     2 |     3 |     7 ||    12
       Wereblood         |     1 |     2 |     5 ||     8
       Spider Form       |       |       |     7 ||     7
Evoke: Wand              |       |       |     1 ||     1
  Use: Scroll            |     1 |     1 |     3 ||     5
       Potion            |     1 |     2 |     3 ||     6
 Stab: Sleeping          |     2 |       |     4 ||     6
Armor: Robe              |     9 |       |       ||     9
       Leather armour    |    11 |       |       ||    11
       Ring mail         |       |    47 |    64 ||   111
       Skin              |       |       |     7 ||     7
Dodge: Dodged            |    52 |    75 |   172 ||   299
Block: Buckler           |     6 |    21 |    44 ||    71

Table legend: (Time is in decaauts)
 A = Elapsed time spent in this place.
 B = Non-inter-level travel time spent in this place.
 C = Inter-level travel time spent in this place.
 D = Time resting spent in this place.
 E = Time spent auto-exploring this place.
 F = Levels seen in this place.
 G = Mean time per level.
                   A        B        C        D        E       F      G
               +--------+--------+--------+--------+--------+-----+--------+
         Total |   8663 |   8292 |    371 |    355 |   6668 |  10 |  866.3 |
       Dungeon |   8251 |   7881 |    370 |    355 |   6380 |   8 | 1031.4 |
        Temple |    123 |    123 |      0 |      0 |    113 |   1 |  123.0 |
       Ossuary |    287 |    287 |      0 |      0 |    175 |   1 |  287.0 |
               +--------+--------+--------+--------+--------+-----+--------+

Top non-repeatable levels by time:
     D:4: 1770 daAuts
     D:7: 1689 daAuts
     D:2: 1138 daAuts
     D:6: 1112 daAuts
     D:3: 1083 daAuts
     D:1: 795 daAuts
     D:5: 590 daAuts
 Ossuary: 287 daAuts
  Temple: 123 daAuts
     D:8: 71 daAuts
